 Dungeon Crawl Stone Soup version 0.18-a0-1745-gffa9a88 (webtiles) character file.

2590 dobroeutro the Blocker (level 9, -1/56 HPs)
             Began as a Gargoyle Fighter on Apr 11, 2016.
             Was an Initiate of Okawaru.
             Slain by Prince Ribbit (7 damage)
             ... on level 7 of the Dungeon.
             The game lasted 00:14:47 (5319 turns).

dobroeutro the Blocker (Gargoyle Fighter)           Turns: 5319, Time: 00:14:47

Health: -1/56      AC: 16    Str: 21      XL:     9   Next: 58%
Magic:  9/9        EV:  9    Int: 10      God:    Okawaru [......]
Gold:   280        SH: 12    Dex:  8 (10) Spells: 0 memorised, 8 levels left

rFire  . . .     SeeInvis .     C - +0 morningstar
rCold  . . .     Gourm    +     b - +0 scale mail
rNeg   + . .     Faith    .     c - +0 shield
rPois  ∞         Spirit   .     F - +2 hat
rElec  +         Dismiss  .     G - +0 cloak
rCorr  .         Reflect  .     (no gloves)
SustAt .         Harm     .     (no boots)
MR     .....                    D - amulet of the gourmand
Stlth  ..........               (no ring)
                                l - ring of wizardry

@: not resistant to hostile enchantments, extremely unstealthy
A: negative energy resistance 1, electricity resistance, unbreathing,
petrification resistance, rot immunity, AC +5
a: Renounce Religion


You were on level 7 of the Dungeon.
You worshipped Okawaru.
Okawaru was noncommittal.
You were not hungry.

You visited 2 branches of the dungeon, and saw 8 of its levels.
You also visited: Sewer.

You collected 280 gold pieces.

Inventory:

Hand Weapons
 a - a +0 flail
 t - a +2 falchion of electrocution
 C - a +0 morningstar (weapon)
Armour
 b - a +0 scale mail (worn)
 c - a +0 shield (worn)
 F - a +2 hat (worn)
 G - a +0 cloak (worn)
Jewellery
 l - a ring of wizardry (left hand)
 D - an amulet of the gourmand (around neck)
Wands
 j - a wand of hasting (6/9)
 z - a wand of slowing (28/48)
Scrolls
 h - 5 scrolls of identify {unknown}
 m - a scroll of fear
 q - 3 scrolls of teleportation
 s - 2 scrolls of amnesia {unknown}
 v - 2 scrolls of magic mapping
 w - 3 scrolls of fog {unknown}
 y - 6 scrolls of remove curse
Potions
 d - 2 potions of might
 e - a potion of magic {unknown}
 g - 4 potions of heal wounds
 k - 2 potions of beneficial mutation {unknown}
 p - 2 potions of degeneration {unknown}
 r - 2 potions of agility {unknown}
 u - 8 potions of curing {unknown}
 x - a potion of flight {unknown}
 A - a potion of lignification {unknown}
 H - 3 potions of resistance {unknown}
 I - a potion of cure mutation {unknown}
Comestibles
 f - 4 bread rations
 i - 2 royal jellies
 n - 5 meat rations
 o - 2 slices of pizza
 B - a beef jerky
 E - a fruit


   Skills:
 + Level 6.9 Fighting
 + Level 3.4 Maces & Flails
 + Level 7.2 Armour
 - Level 0.1 Dodging
 + Level 10.6 Shields


You had 8 spell levels left.
You didn't know any spells.

Dungeon Overview and Level Annotations

Branches:
Dungeon (7/15)             Temple (1/1) D:7

Altars:
Ashenzari
Cheibriados
Dithmenos
Elyvilon
Fedhas
Gozag
Kikubaaqudgha
Makhleb
Nemelex Xobeh
Okawaru
Qazlal
Ru
Trog
Vehumet
Yredelemnul
Zin
The Shining One

Shops:
D:6 :

Annotations:
D:7 Prince Ribbit


Innate Abilities, Weirdness & Mutations

You are resistant to torment.
Your stone body is resilient (AC +5).
You are immune to poison.
You resist negative energy.
You are resistant to electric shocks.
You can survive without breathing.
You are immune to petrification.
You are immune to rotting.


Message History

Prince Ribbit is lightly wounded.
Prince Ribbit barely misses you.
Prince Ribbit catches a moth with his tongue.
Prince Ribbit gestures.
Prince Ribbit blinks!
You block Prince Ribbit's attack.
You sock Prince Ribbit!
Prince Ribbit is moderately wounded.
Prince Ribbit hits you but does no damage.
You miss Prince Ribbit.
Prince Ribbit is moderately wounded.
Prince Ribbit hits you!
* * * LOW HITPOINT WARNING * * *
Prince Ribbit hits you!
* * * LOW HITPOINT WARNING * * *
You are too injured to fight recklessly!
You are too injured to fight recklessly!
Prince Ribbit lets out a mournful croak.
Prince Ribbit hits you!
You die...

#...............
#....>..........
##...............
######................
#.....................
#.....................
#.......#####......≈≈≈
#....F..# #....≈≈≈≈≈
#....@..### #..≈≈≈≈≈≈≈
######.....###((≈≈≈≈≈≈≈
./............(.≈≈≈≈≈≈..
...####.....(...≈≈≈≈≈≈.>
#....(##..≈≈≈≈≈≈..
#..(..###..≈≈≈≈≈≈≈
#.....# #...[≈≈≈≈≈
#>....# #......≈≈≈
#.....# #.........


You could see Prince Ribbit.

Vanquished Creatures
  Pikel (D:5)
  Eustachio (D:5)
  A hungry ghost (D:7)
  Edmund (D:5)
  A sky beast (D:5)
  A phantom (D:4)
  An ogre (D:5)
  4 centaurs
  3 big kobolds (Sewer)
  A giant frog (D:7)
  A scorpion (D:4)
  2 crimson imps (D:5)
  A quasit (D:7)
  4 orc priests
  Crazy Yiuf (D:5)
  2 giant frog skeletons
  A hound (D:4)
  4 orc wizards
  An iguana (D:6)
  4 worker ants
  A worker ant zombie (D:6)
  7 adders
  8 gnolls
  4 oozes
  2 dart slugs
  4 worms
  3 giant geckos
  13 orcs
  7 bats
  8 giant cockroaches
  7 goblins
  3 hobgoblins
  7 jackals
  16 kobolds
  3 quokkas (D:6)
  3 ball pythons
  5 giant newts
  A quokka skeleton (D:4)
  12 rats
150 creatures vanquished.

Notes
Turn   | Place    | Note
--------------------------------------------------------------
     0 | D:1      | dobroeutro the Gargoyle Fighter began the quest for the Orb.
     0 | D:1      | Reached XP level 1. HP: 14/14 MP: 1/1
   131 | D:1      | Reached XP level 2. HP: 15/19 MP: 2/2
   583 | D:1      | Reached XP level 3. HP: 24/24 MP: 3/3
   659 | D:1      | Reached skill level 4 in Shields
   916 | D:2      | Found an opulent altar of Gozag.
  1155 | D:2      | Reached XP level 4. HP: 28/29 MP: 4/4
  1518 | D:3      | Reached XP level 5. HP: 32/33 MP: 5/5
  2114 | D:4      | Found a burning altar of Makhleb.
  2146 | D:4      | Found a stormy altar of Qazlal.
  2173 | D:4      | Reached skill level 5 in Shields
  2209 | D:4      | Noticed a phantom
  2232 | D:4      | Found a glowing drain.
  2238 | D:4      | Killed a phantom
  2238 | D:4      | Reached XP level 6. HP: 29/38 MP: 6/6
  2261 | Sewer    | Entered a sewer
  2397 | Sewer    | Reached skill level 6 in Shields
  2470 | Sewer    | Reached XP level 7. HP: 27/44 MP: 7/7
  2669 | D:4      | Reached skill level 5 in Armour
  2669 | D:4      | Reached skill level 7 in Shields
  2708 | D:4      | Reached skill level 5 in Fighting
  3159 | D:4      | Found a bloodstained altar of Trog.
  3168 | D:4      | Found a glowing golden altar of the Shining One.
  3259 | D:5      | Entered Level 5 of the Dungeon
  3368 | D:5      | Reached XP level 8. HP: 44/49 MP: 8/8
  3472 | D:5      | Reached skill level 8 in Shields
  3554 | D:5      | Found a sacrificial altar of Ru.
  3585 | D:5      | Noticed Edmund
  3599 | D:5      | Killed Edmund
  3608 | D:5      | Noticed Pikel
  3635 | D:5      | Killed Pikel
  3635 | D:5      | Reached skill level 9 in Shields
  3635 | D:5      | Reached XP level 9. HP: 36/56 MP: 9/9
  3938 | D:5      | Noticed Eustachio
  3961 | D:5      | Killed Eustachio
  3989 | D:5      | Noticed Crazy Yiuf
  3995 | D:5      | Killed Crazy Yiuf
  4157 | D:6      | Reached skill level 10 in Shields
  4281 | D:6      | Found a shadowy altar of Dithmenos.
  4403 | D:6      | Found a basalt altar of Yredelemnul.
  4464 | D:6      | Found a white marble altar of Elyvilon.
  4490 | D:6      | Found a blossoming altar of Fedhas.
  4490 | D:6      | Found an ancient bone altar of Kikubaaqudgha.
  4521 | D:6      | Found Tibiwegroatt's Book Shoppe.
  4557 | D:6      | Found a glowing silver altar of Zin.
  4558 | D:6      | Found an opulent altar of Gozag.
  5097 | D:7      | Noticed Prince Ribbit
  5103 | D:7      | Found a staircase to the Ecumenical Temple.
  5161 | Temple   | Entered the Ecumenical Temple
  5234 | Temple   | Became a worshipper of Warmaster Okawaru
  5319 | D:7      | Slain by Prince Ribbit

Vault maps used:
D:1:      evilmike_arrival_crescent, grunt_decor_clamped
D:2:      nicolae_gozag_cash_rules_everything_around_me
D:3:      first_bread, hangedman_decor_growths
D:4:      nicolae_overflow_hidden_temple, amethyst_overflow_temple_binary,
          gup_sewer_entry_glass, makhleb_altar_promises_db
D:5:      nicolae_ru_sacrificial_ziggurat, uniq_edmund, uniq_crazy_yiuf_cottage,
          uniq_eustachio, uniq_pikel
D:6:      grunt_temple_overflow_growth_and_decay, kennysheep_ying_yang,
          grunt_temple_overflow_gold_and_silver, serial_shops, shop_fountains,
          lemuel_tele_altar
D:7:      temple_pool_b, uniq_prince_ribbit1
Temple:   chambers_temple_10
Sewer:    kennysheep_pipe_town

Skill      XL: |  1  2  3  4  5  6  7  8  9 |
---------------+----------------------------+-----
Shields        | 4 5 6 7 9 10 | 10.6
Maces & Flails | 3 |  3.4
Armour         | 4 5 6 7 |  7.2
Fighting       | 4 5 6 |  6.9
Dodging        | |  0.1

Action                   |  1- 3 |  4- 6 |  7- 9 || total
-------------------------+-------+-------+-------++-------
Melee: Flail             |   207 |    91 |       ||   298
       Falchion          |       |   102 |   314 ||   416
       Morningstar       |       |       |    20 ||    20
  Use: Scroll            |       |     4 |       ||     4
       Potion            |       |       |     1 ||     1
  Eat: Chunk             |     1 |     5 |    31 ||    37
